 Dungeon Crawl Stone Soup version 0.16.2-12-gd0ad4c3 (webtiles) character file.

43 SlimeFever the Stinger (level 3, -2/16 HPs)
             Began as a Spriggan Venom Mage on Oct 28, 2015.
             Slain by a giant gecko (5 damage)
             ... on level 2 of the Dungeon.
             The game lasted 00:10:24 (1051 turns).

SlimeFever the Stinger (Spriggan Venom Mage)        Turns: 1051, Time: 00:10:24

Health: -2/16      AC:  2    Str:  4    XL:     3   Next: 37%
Magic:  8/10       EV: 18    Int: 16    God:
Gold:   61         SH:  0    Dex: 17    Spells: 2 memorised, 4 levels left

rFire  . . .     SeeInvis +     d - +0 dagger
rCold  . . .     Clarity  .     a - +0 robe
rNeg   . . .     SustAb   .     (shield restricted)
rPois  .         Gourm    .     (helmet restricted)
rElec  .         Spirit   .     (no cloak)
rCorr  .         Warding  .     (gloves unavailable)
rMut   .         Stasis   .     (boots unavailable)
MR     .....                    (no amulet)
Stlth  +++.......               (no ring)
                                (no ring)

@: very slightly contaminated, very quick, not resistant to hostile
enchantments, fairly stealthy
A: unfitting armour, see invisible, herbivore 3, speed 3, slow metabolism 2
a: no special abilities


You were on level 2 of the Dungeon.
You were not hungry.

You visited 1 branch of the dungeon, and saw 2 of its levels.

You collected 61 gold pieces.

Inventory:

Hand weapons
 d - a +0 dagger (weapon)
 h - a +0 short sword
Armour
 a - a +0 robe (worn)
Books
 b - a Young Poisoner's Handbook

   Spells                             Type                      Level
   a - Sting                          Conjuration/Poison           1
   b - Cure Poison                    Poison                       2
   c - Mephitic Cloud                 Conjuration/Poison/Air       3
   d - Olgreb's Toxic Radiance        Poison                       4
   e - Venom Bolt                     Conjuration/Poison           5
Comestibles
 c - a bread ration
 f - a slice of pizza
 g - a royal jelly


   Skills:
 + Level 0.4 Short Blades
 + Level 3.2 Dodging
 + Level 3.1 Stealth
 + Level 3.0 Spellcasting
 + Level 0.1 Conjurations
 * Level 4.8 Poison Magic


You had 4 spell levels left.
You knew the following spells:

 Your Spells              Type           Power        Failure   Level  Hunger
a - Sting                 Conj/Pois      ##..         10%         1    #......
b - Mephitic Cloud        Conj/Pois/Air  #.......     34%         3    ###....


Dungeon Overview and Level Annotations

Branches:
Dungeon (2/15)

Altars:

Annotations:
D:2 Sigmund


Innate Abilities, Weirdness & Mutations

You are tiny and cannot use many weapons and most armour.
You have supernaturally acute eyesight.
You are a herbivore.
You cover ground extremely quickly.
You need consume almost no food.


Message History

The giant gecko closely misses you. x2
You miss the giant gecko.
The giant gecko is moderately wounded.
The giant gecko closely misses you.
You barely miss the giant gecko.
The giant gecko is moderately wounded.
The giant gecko barely misses you.
You completely miss the giant gecko.
The giant gecko is heavily wounded.
The giant gecko completely misses you.
You hit the giant gecko but do no damage.
The giant gecko is heavily wounded.
The giant gecko bites you but does no damage.
You hit the giant gecko.
The giant gecko is almost dead.
The giant gecko looks more healthy.
The giant gecko completely misses you.
You closely miss the giant gecko.
The giant gecko is almost dead.
The giant gecko bites you.
You die...

###.#.#.###..## ##....#
###.#.........###.....#
.##.#.....#.#..#.#.#.####
......l(.##.#.#.........#
.##.#.#.###.#.(....#.##.#
....#.......####.###.#
#######.##### #.# #.# #
#+# #.###.##.# # #..[#
#@l......# # #.....
#####.#### # #...... ###
###...!...# ..@>......#
###.......# #..?...
#..... ### #...#


You could see a giant gecko.

Vanquished Creatures
  A giant gecko (D:1)
  2 oozes (D:1)
  3 giant cockroaches (D:1)
  3 hobgoblins (D:1)
  7 jackals (D:1)
  8 kobolds
  A ball python (D:1)
  3 bats (D:1)
  4 giant newts (D:1)
  3 goblins (D:1)
  2 rats (D:1)
37 creatures vanquished.

Notes
Turn   | Place    | Note
--------------------------------------------------------------
     0 | D:1      | SlimeFever, the Spriggan Venom Mage, began the quest for the Orb.
     0 | D:1      | Reached XP level 1. HP: 9/9 MP: 4/4
   253 | D:1      | Reached XP level 2. HP: 13/13 MP: 0/7
   600 | D:1      | Reached XP level 3. HP: 9/16 MP: 6/9
   989 | D:2      | Noticed Sigmund
  1044 | D:2      | Learned a level 3 spell: Mephitic Cloud
  1051 | D:2      | Slain by a giant gecko

Action                   || total
-------------------------++-------
Melee: Dagger            ||    70
 Cast: Sting             ||    49
  Use: Scroll            ||     2
 Stab: Sleeping          ||     3
